Canucks vs Predators

Created - 17 février 2021 at 20:48

Goals
1 2 3 T
Canucks 2 1 1 4
Predators 0 2 1 3
Shots
1 2 3 T
Canucks 9 7 9 25
Predators 9 12 3 24

1st period

1. Canucks , Ryan Ellis 12 (Mitch Marner 36, Brayden Point 27) at 2:00 (PP)
2. Canucks , Blake Coleman 13 (Tanner Pearson 15) at 18:12

Penalties :
Alex Tuch (NSH) for High sticking (Minor) at 1:17, Anthony Duclair (VAN) for Hooking (Minor) at 6:27, Morgan Rielly (VAN) for Hooking (Minor) at 19:32

2nd period

3. Canucks , Jake Virtanen 11 (Ryan Ellis 37, Aaron Ekblad 21) at 7:40
4. Predators , Max Pacioretty 14 (Roman Josi 34) at 15:58
5. Predators , Steven Stamkos 8 (Bo Horvat 30, Oscar Klefbom 23) at 16:09

Penalties :
Alex Pietrangelo (VAN) for Holding (Minor) at 4:31, Oliver Ekman-Larsson (NSH) for Roughing (Minor) at 13:03

3rd period

6. Predators , Alex Tuch 7 (Alexander Kerfoot 6, J.T. Compher 11) at 1:55
7. Canucks , Blake Coleman 14 (Tanner Pearson 16) at 5:09

Penalties :
No Penalty

Goalie Stats

Cam Talbot (VAN), 21 saves from 24 shots - (0,875), W, 13-3-0, 60:00 minutes
Thomas Greiss (NSH), 21 saves from 25 shots - (0,840), L, 15-14-3, 60:00 minutes

Players Stats for Canucks

Player Name              G  A  P  +/- PIM S  H  SB GA TA FO     MP     PP MP  PK MP  
------------------------------------------------------------------------------------
Aaron Ekblad             0  1  1   0  0   0  1  1  0  0  0/0    20:19   0:00   3:01 
Alex Pietrangelo         0  0  0  -1  2   3  1  0  0  0  0/0    22:29   1:26   2:04 
Anthony Duclair          0  0  0   0  2   2  2  0  0  0  1/1    18:44   1:45   0:00 
Blake Coleman            2  0  2   2  0   4  5  0  0  0  8/16   14:14   0:57   2:02 
Boone Jenner             0  0  0  -1  0   2  2  0  0  0  6/11   11:12   0:00   3:55 
Brayden Point            0  1  1   0  0   2  1  0  0  0  4/14   18:23   0:57   0:00 
Chris Tierney            0  0  0  -1  0   0  0  0  0  0  2/3     8:23   0:00   2:02 
Craig Smith              0  0  0   2  0   0  0  0  0  0  0/1    11:15   0:00   0:00 
Jake Muzzin              0  0  0   1  0   0  1  2  0  0  0/0    18:02   0:00   2:59 
Jake Virtanen            1  0  1  -1  0   1  3  0  0  0  1/1    16:19   0:00   0:00 
Kevin Hayes              0  0  0  -1  0   1  0  0  0  0  0/2    18:04   1:45   0:00 
Mitch Marner             0  1  1   0  0   5  0  0  0  0  0/2    18:23   0:57   0:00 
Morgan Rielly            0  0  0  -1  2   1  1  0  0  0  0/0    19:41   1:16   0:00 
Ron Hainsey              0  0  0   1  0   0  0  1  0  0  0/0    17:29   0:00   2:52 
Ryan Ellis               1  1  2   0  0   3  0  0  0  0  0/0    20:42   1:26   0:58 
Ryan O'Reilly            0  0  0  -1  0   0  0  0  0  0  10/22  17:35   1:16   0:00 
Tanner Pearson           0  2  2   2  0   1  2  0  0  0  0/0    16:25   1:45   3:55 
Zach Sanford             0  0  0  -1  0   0  1  0  0  0  0/0     6:21   0:00   0:00 

Players Stats for Predators

Player Name              G  A  P  +/- PIM S  H  SB GA TA FO     MP     PP MP  PK MP  
------------------------------------------------------------------------------------
Alex Tuch                1  0  1  -1  2   2  4  0  0  0  0/1    11:38   0:00   0:28 
Alexander Kerfoot        0  1  1  -1  0   1  0  0  0  0  0/0    12:45   0:00   1:34 
Bo Horvat                0  1  1   0  0   3  2  0  0  0  17/28  19:17   3:12   0:00 
Brendan Smith            0  0  0   0  0   0  1  0  0  0  0/0     8:01   0:48   0:58 
Colton Sissons           0  0  0   0  0   1  0  0  0  0  3/6     8:17   0:48   1:14 
Darnell Nurse            0  0  0  -1  0   0  3  0  0  0  0/0    15:19   0:00   1:18 
Evgeny Kuznetsov         0  0  0   1  0   1  2  0  0  0  13/24  21:23   2:45   0:48 
J.T. Compher             0  1  1  -1  0   1  1  0  0  0  7/13   14:36   2:45   0:40 
J.T. Miller              0  0  0   1  0   3  3  0  0  0  0/0    20:14   2:24   0:00 
Kyle Connor              0  0  0   0  0   3  1  0  0  0  0/0    19:32   2:45   0:00 
Max Pacioretty           1  0  1   1  0   4  2  0  0  0  0/0    20:14   2:24   0:00 
Nikita Zadorov           0  0  0  -1  0   1  2  0  0  0  0/0    14:54   0:00   0:53 
Oliver Ekman-Larsson     0  0  0   1  2   0  4  0  0  0  0/0    20:20   2:45   0:07 
Oscar Klefbom            0  1  1   1  0   1  0  0  0  0  0/0    19:53   2:24   0:00 
Roman Josi               0  1  1   0  0   0  1  0  0  0  0/0    24:48   3:33   1:24 
Steven Stamkos           1  0  1   0  0   3  2  0  0  0  1/1    19:59   3:12   0:00 
Thomas Chabot            0  0  0   0  0   0  1  1  0  0  0/0    20:33   0:00   1:24 
Tyler Pitlick            0  0  0   0  0   0  0  0  0  0  0/0     5:33   0:00   0:00 

3 Stars

1 - Blake Coleman (VAN)
2 - Tanner Pearson (VAN)
3 - Ryan Ellis (VAN)

Power Play

Canucks - 1 on 2 Attempt(s) - 50,00%
Predators - 0 on 3 Attempt(s) - 0,00%

Penalty Kill

Canucks - 3 on 3 Attempt(s) - 100,00% - Score 0 goal in Penalty Kill
Predators - 1 on 2 Attempt(s) - 50,00% - Score 0 goal in Penalty Kill

Team Stat

Canucks - Hits : 20 - Faceoff Wins : 32 - Blocked Shots : 4 - Penalty Minutes : 6
Predators - Hits : 29 - Faceoff Wins : 41 - Blocked Shots : 1 - Penalty Minutes : 4

Official

Referees : Robert Hennessey and Adam Bloski
Linesman : Glen Cooke and Derek Wahl

Game Notes

No Game Note

Finance

Level 1 -- Attendance: 4364 (67,14%) -- Ticket Income 654 600 $
Level 2 -- Attendance: 3404 (68,08%) -- Ticket Income 425 500 $
Level 3 -- Attendance: 1957 (55,91%) -- Ticket Income 195 700 $
Level 4 -- Attendance: 1113 (100,00%) -- Ticket Income 83 475 $
Luxury Box -- Attendance: 636 (63,60%) -- Ticket Income 190 800 $
Game was played at the Bridgestone Arena.
Total Attendance: 11474 (67,05%)
Total Ticket Income: 1 550 075 $
Other Income: 759 537 $
Total Income: 2 309 612 $

% Time on Ice - Canucks

Lines # - Real PCT - Wanted PCT - Time Play
Normal Forward
1 - 32% - 35% - 16:19
2 - 34% - 35% - 17:00
3 - 21% - 20% - 10:45
4 - 13% - 10% - 6:21
Normal Defense
1 - 37% - 36% - 18:26
2 - 34% - 36% - 17:18
3 - 28% - 18% - 14:07
4 - 1% - 10% - 0:34
PP Forward
1 - 35% - 55% - 0:57
2 - 65% - 45% - 1:45
PP Defense
1 - 53% - 55% - 1:26
2 - 47% - 45% - 1:16
PK Forward
1 - 66% - 55% - 3:55
2 - 34% - 45% - 2:02
PK Defense
1 - 34% - 55% - 2:00
2 - 66% - 45% - 3:57
PK3 Forward
1 - 0% - 60%
2 - 0% - 40%
PK3 Defense
1 - 0% - 60%
2 - 0% - 40%
44 Forward
1 - 0% - 60%
2 - 0% - 40%
44 Defense
1 - 0% - 60%
2 - 0% - 40%
Last Minute Offensive  - 0:00
Last Minute Defensive  - 0:56
Total
Forward - 60:00
Defense - 60:00

% Time on Ice - Predators

Lines # - Real PCT - Wanted PCT - Time Play
Normal Forward
1 - 32% - 35% - 16:05
2 - 35% - 35% - 17:50
3 - 22% - 23% - 11:11
4 - 11% - 7% - 5:33
Normal Defense
1 - 38% - 39% - 19:09
2 - 35% - 34% - 17:29
3 - 28% - 26% - 14:01
4 - 0% - 1% - 0:00
PP Forward
1 - 54% - 60% - 3:12
2 - 46% - 40% - 2:45
PP Defense
1 - 60% - 60% - 3:33
2 - 40% - 40% - 2:24
PK Forward
1 - 75% - 60% - 2:02
2 - 25% - 40% - 0:40
PK Defense
1 - 52% - 60% - 1:24
2 - 48% - 40% - 1:18
PK3 Forward
1 - 0% - 60%
2 - 0% - 40%
PK3 Defense
1 - 0% - 60%
2 - 0% - 40%
44 Forward
1 - 0% - 60%
2 - 0% - 40%
44 Defense
1 - 0% - 60%
2 - 0% - 40%
Last Minute Offensive  - 0:42
Last Minute Defensive  - 0:00
Total
Forward - 60:00
Defense - 60:00

Play-by-Play

1st period


0:01 of 1st period - Bo Horvat wins face-off versus Kevin Hayes in neutral zone.
0:04 of 1st period - Ryan O'Reilly is hit by Bo Horvat and loses puck.
0:18 of 1st period - Icing by Alex Pietrangelo.
0:19 of 1st period - Evgeny Kuznetsov wins face-off versus Ryan O'Reilly in Canucks zone.
0:33 of 1st period - Off-side.
0:34 of 1st period - J.T. Compher wins face-off versus Brayden Point in neutral zone.
1:17 of 1st period - Minor Penalty to Alex Tuch for High sticking.
1:18 of 1st period - Colton Sissons wins face-off versus Kevin Hayes in Predators zone.
1:48 of 1st period - Off-side.
1:49 of 1st period - Brayden Point wins face-off versus J.T. Compher in neutral zone.
1:58 of 1st period - Shot by Mitch Marner.
1:58 of 1st period - Shot Misses the Net.
2:00 of 1st period - Shot by Ryan Ellis.
2:00 of 1st period - Goal by Ryan Ellis - Canucks : 1 - Predators : 0.
2:01 of 1st period - Boone Jenner wins face-off versus Evgeny Kuznetsov in neutral zone.
2:04 of 1st period - Shot by Zach Sanford.
2:04 of 1st period - Shot Misses the Net.
3:24 of 1st period - Shot by Tanner Pearson.
3:24 of 1st period - Shot Misses the Net.
4:49 of 1st period - Shot by Alexander Kerfoot.
4:49 of 1st period - Stopped by Cam Talbot without a rebound.
4:50 of 1st period - Evgeny Kuznetsov wins face-off versus Brayden Point in Canucks zone.
5:05 of 1st period - Shot by Evgeny Kuznetsov.
5:05 of 1st period - Shot Hit the Post.
5:07 of 1st period - Shot by Max Pacioretty.
5:07 of 1st period - Stopped by Cam Talbot with a rebound.
5:13 of 1st period - Shot by J.T. Miller.
5:13 of 1st period - Stopped by Cam Talbot without a rebound.
5:14 of 1st period - Bo Horvat wins face-off versus Ryan O'Reilly in Canucks zone.
5:31 of 1st period - Shot by Bo Horvat.
5:31 of 1st period - Shot Blocked by Jake Muzzin.
6:08 of 1st period - Ryan O'Reilly is hit by Oliver Ekman-Larsson.
6:26 of 1st period - Shot by Mitch Marner.
6:26 of 1st period - Deflect By Anthony Duclair.
6:26 of 1st period - Shot Misses the Net.
6:27 of 1st period - Minor Penalty to Anthony Duclair for Hooking.
6:28 of 1st period - Boone Jenner wins face-off versus J.T. Compher in Canucks zone.
6:52 of 1st period - Shot by Max Pacioretty.
6:52 of 1st period - Stopped by Cam Talbot without a rebound.
6:53 of 1st period - Boone Jenner wins face-off versus Bo Horvat in Canucks zone.
7:43 of 1st period - Icing by Kyle Connor.
7:44 of 1st period - Evgeny Kuznetsov wins face-off versus Blake Coleman in Predators zone.
7:44 of 1st period - Max Pacioretty is hit by Blake Coleman and loses puck.
8:15 of 1st period - Shot by J.T. Compher.
8:15 of 1st period - Shot Misses the Net.
9:07 of 1st period - Ryan Ellis is hit by Brendan Smith and loses puck.
9:30 of 1st period - Shot by J.T. Compher.
9:30 of 1st period - Stopped by Cam Talbot without a rebound.
9:31 of 1st period - Ryan O'Reilly wins face-off versus Bo Horvat in Canucks zone.
9:31 of 1st period - Ryan O'Reilly is hit by Kyle Connor.
9:53 of 1st period - Shot by Kyle Connor.
9:53 of 1st period - Deflect By Steven Stamkos.
9:53 of 1st period - Shot Misses the Net.
9:55 of 1st period - Shot by Bo Horvat.
9:55 of 1st period - Shot Misses the Net.
11:38 of 1st period - Boone Jenner is hit by Darnell Nurse and loses puck.
12:34 of 1st period - Brayden Point is hit by Nikita Zadorov.
12:36 of 1st period - Shot by Mitch Marner.
12:36 of 1st period - Stopped by Thomas Greiss without a rebound.
12:37 of 1st period - Ryan O'Reilly wins face-off versus Bo Horvat in Predators zone.
12:48 of 1st period - Shot by Jake Virtanen.
12:48 of 1st period - Shot Misses the Net.
12:50 of 1st period - Shot by Ryan O'Reilly.
12:50 of 1st period - Shot Misses the Net.
12:52 of 1st period - Shot by Ryan O'Reilly.
12:52 of 1st period - Deflect By Kevin Hayes.
12:52 of 1st period - Shot Misses the Net.
13:08 of 1st period - Shot by Alex Pietrangelo.
13:08 of 1st period - Stopped by Thomas Greiss with a rebound.
13:10 of 1st period - Shot by Alex Pietrangelo.
13:10 of 1st period - Stopped by Thomas Greiss without a rebound.
13:11 of 1st period - Chris Tierney wins face-off versus Evgeny Kuznetsov in Predators zone.
13:16 of 1st period - Shot by Boone Jenner.
13:16 of 1st period - Stopped by Thomas Greiss without a rebound.
13:17 of 1st period - Evgeny Kuznetsov wins face-off versus Mitch Marner in Predators zone.
13:53 of 1st period - Icing by Oliver Ekman-Larsson.
13:54 of 1st period - Jake Virtanen wins face-off versus Evgeny Kuznetsov in Predators zone.
14:07 of 1st period - Shot by Max Pacioretty.
14:07 of 1st period - Deflect By J.T. Miller.
14:07 of 1st period - Shot Blocked by Aaron Ekblad.
14:09 of 1st period - Shot by Evgeny Kuznetsov.
14:09 of 1st period - Stopped by Cam Talbot with a rebound.
15:07 of 1st period - Bo Horvat is hit by Brayden Point and loses puck.
15:59 of 1st period - Alexander Kerfoot is hit by Blake Coleman and loses puck.
17:04 of 1st period - Shot by Boone Jenner.
17:04 of 1st period - Stopped by Thomas Greiss with a rebound.
18:00 of 1st period - Shot by Steven Stamkos.
18:00 of 1st period - Stopped by Cam Talbot without a rebound.
18:01 of 1st period - Blake Coleman wins face-off versus Bo Horvat in Canucks zone.
18:10 of 1st period - Shot by Tanner Pearson.
18:10 of 1st period - Shot Misses the Net.
18:12 of 1st period - Shot by Blake Coleman.
18:12 of 1st period - Goal by Blake Coleman - Canucks : 2 - Predators : 0.
18:13 of 1st period - Ryan O'Reilly wins face-off versus Evgeny Kuznetsov in neutral zone.
18:21 of 1st period - Oliver Ekman-Larsson is hit by Jake Virtanen and loses puck.
18:35 of 1st period - Off-side.
18:36 of 1st period - Bo Horvat wins face-off versus Blake Coleman in neutral zone.
18:43 of 1st period - Shot by Bo Horvat.
18:43 of 1st period - Stopped by Cam Talbot without a rebound.
18:44 of 1st period - Bo Horvat wins face-off versus Brayden Point in Canucks zone.
18:44 of 1st period - Bo Horvat is hit by Aaron Ekblad.
19:06 of 1st period - Shot by Anthony Duclair.
19:06 of 1st period - Shot Misses the Net.
19:12 of 1st period - Shot by Ryan Ellis.
19:12 of 1st period - Stopped by Thomas Greiss with a rebound.
19:14 of 1st period - Shot by Mitch Marner.
19:14 of 1st period - Stopped by Thomas Greiss without a rebound.
19:15 of 1st period - Evgeny Kuznetsov wins face-off versus Ryan O'Reilly in Predators zone.
19:15 of 1st period - Evgeny Kuznetsov is hit by Jake Virtanen.
19:32 of 1st period - Minor Penalty to Morgan Rielly for Hooking.
19:33 of 1st period - Bo Horvat wins face-off versus Boone Jenner in Canucks zone.
19:38 of 1st period - Shot by J.T. Miller.
19:38 of 1st period - Stopped by Cam Talbot without a rebound.
19:39 of 1st period - Boone Jenner wins face-off versus Evgeny Kuznetsov in Canucks zone.
19:39 of 1st period - Boone Jenner is hit by Evgeny Kuznetsov.
Goals for this period are 2 for Canucks vs 0 for Predators.
Shots for this period are 9 for Canucks vs 9 for Predators.

2nd period


0:01 of 2nd period - Boone Jenner wins face-off versus Bo Horvat in neutral zone.
1:17 of 2nd period - Icing by J.T. Compher.
1:18 of 2nd period - Chris Tierney wins face-off versus Evgeny Kuznetsov in Predators zone.
1:31 of 2nd period - Shot by Blake Coleman.
1:31 of 2nd period - Shot Misses the Net.
1:59 of 2nd period - Shot by Brendan Smith.
1:59 of 2nd period - Deflect By Colton Sissons.
1:59 of 2nd period - Stopped by Cam Talbot without a rebound.
2:00 of 2nd period - Anthony Duclair wins face-off versus Alex Tuch in Canucks zone.
2:00 of 2nd period - Anthony Duclair is hit by J.T. Compher.
2:08 of 2nd period - Aaron Ekblad is hit by Alex Tuch and loses puck.
2:14 of 2nd period - Ryan Ellis is hit by Thomas Chabot and loses puck.
3:03 of 2nd period - Shot by Tanner Pearson.
3:03 of 2nd period - Stopped by Thomas Greiss without a rebound.
3:04 of 2nd period - Evgeny Kuznetsov wins face-off versus Ryan O'Reilly in Predators zone.
3:16 of 2nd period - Icing by Jake Muzzin.
3:17 of 2nd period - Ryan O'Reilly wins face-off versus Bo Horvat in Canucks zone.
3:44 of 2nd period - Icing by Ron Hainsey.
3:45 of 2nd period - Evgeny Kuznetsov wins face-off versus Ryan O'Reilly in Canucks zone.
4:18 of 2nd period - Shot by Evgeny Kuznetsov.
4:18 of 2nd period - Deflect By J.T. Miller.
4:18 of 2nd period - Shot Misses the Net.
4:29 of 2nd period - Evgeny Kuznetsov is hit by Alex Pietrangelo and loses puck.
4:31 of 2nd period - Minor Penalty to Alex Pietrangelo for Holding.
4:32 of 2nd period - Bo Horvat wins face-off versus Boone Jenner in Canucks zone.
4:43 of 2nd period - Shot by J.T. Miller.
4:43 of 2nd period - Shot Blocked by Jake Muzzin.
5:11 of 2nd period - J.T. Compher is hit by Boone Jenner and loses puck.
5:32 of 2nd period - Shot by Oscar Klefbom.
5:32 of 2nd period - Stopped by Cam Talbot without a rebound.
5:33 of 2nd period - Bo Horvat wins face-off versus Blake Coleman in Canucks zone.
6:00 of 2nd period - Shot by Bo Horvat.
6:00 of 2nd period - Shot Misses the Net.
6:44 of 2nd period - Shot by J.T. Compher.
6:44 of 2nd period - Shot Misses the Net.
6:51 of 2nd period - Icing by Mitch Marner.
6:52 of 2nd period - Brayden Point wins face-off versus Evgeny Kuznetsov in Canucks zone.
6:54 of 2nd period - Icing by Mitch Marner.
6:55 of 2nd period - Evgeny Kuznetsov wins face-off versus Brayden Point in Canucks zone.
7:14 of 2nd period - Shot by Brayden Point.
7:14 of 2nd period - Shot Misses the Net.
7:24 of 2nd period - Shot by Mitch Marner.
7:24 of 2nd period - Stopped by Thomas Greiss without a rebound.
7:25 of 2nd period - J.T. Compher wins face-off versus Ryan O'Reilly in Predators zone.
7:40 of 2nd period - Shot by Jake Virtanen.
7:40 of 2nd period - Goal by Jake Virtanen - Canucks : 3 - Predators : 0.
7:41 of 2nd period - Bo Horvat wins face-off versus Blake Coleman in neutral zone.
7:50 of 2nd period - Shot by Kyle Connor.
7:50 of 2nd period - Shot Misses the Net.
8:04 of 2nd period - Shot by Kyle Connor.
8:04 of 2nd period - Stopped by Cam Talbot with a rebound.
8:06 of 2nd period - Shot by Nikita Zadorov.
8:06 of 2nd period - Stopped by Cam Talbot without a rebound.
8:07 of 2nd period - Ryan O'Reilly wins face-off versus Evgeny Kuznetsov in Canucks zone.
8:07 of 2nd period - Ryan O'Reilly is hit by Evgeny Kuznetsov.
8:16 of 2nd period - Aaron Ekblad is hit by Roman Josi and loses puck.
9:01 of 2nd period - Shot by Kyle Connor.
9:01 of 2nd period - Stopped by Cam Talbot without a rebound.
9:02 of 2nd period - Bo Horvat wins face-off versus Brayden Point in Canucks zone.
9:09 of 2nd period - Shot by Steven Stamkos.
9:09 of 2nd period - Stopped by Cam Talbot with a rebound.
10:04 of 2nd period - Jake Muzzin is hit by Alex Tuch and loses puck.
10:19 of 2nd period - Ron Hainsey is hit by Alex Tuch.
10:33 of 2nd period - Shot by Blake Coleman.
10:33 of 2nd period - Stopped by Thomas Greiss without a rebound.
10:34 of 2nd period - Evgeny Kuznetsov wins face-off versus Boone Jenner in Predators zone.
11:03 of 2nd period - Shot by Chris Tierney.
11:03 of 2nd period - Shot Misses the Net.
12:12 of 2nd period - Shot by Bo Horvat.
12:12 of 2nd period - Stopped by Cam Talbot without a rebound.
12:13 of 2nd period - J.T. Compher wins face-off versus Blake Coleman in Canucks zone.
12:14 of 2nd period - Shot by Alexander Kerfoot.
12:14 of 2nd period - Shot Misses the Net.
12:16 of 2nd period - Shot by J.T. Compher.
12:16 of 2nd period - Shot Misses the Net.
12:18 of 2nd period - Shot by Alex Tuch.
12:18 of 2nd period - Stopped by Cam Talbot without a rebound.
12:19 of 2nd period - J.T. Compher wins face-off versus Brayden Point in Canucks zone.
12:27 of 2nd period - Off-side.
12:28 of 2nd period - Blake Coleman wins face-off versus Colton Sissons in neutral zone.
12:53 of 2nd period - Shot by Tanner Pearson.
12:53 of 2nd period - Shot Misses the Net.
12:59 of 2nd period - Shot by Tanner Pearson.
12:59 of 2nd period - Shot Blocked by Thomas Chabot.
13:01 of 2nd period - Shot by Ryan Ellis.
13:01 of 2nd period - Stopped by Thomas Greiss without a rebound.
13:02 of 2nd period - Ryan O'Reilly wins face-off versus Bo Horvat in Predators zone.
13:02 of 2nd period - Ryan O'Reilly is hit by Oliver Ekman-Larsson.
13:03 of 2nd period - Minor Penalty to Oliver Ekman-Larsson for Roughing.
13:04 of 2nd period - Colton Sissons wins face-off versus Brayden Point in Predators zone.
13:21 of 2nd period - Shot by Mitch Marner.
13:21 of 2nd period - Shot Hit the Post.
14:49 of 2nd period - Alex Tuch is hit by Tanner Pearson.
15:06 of 2nd period - Kyle Connor is hit by Boone Jenner and loses puck.
15:21 of 2nd period - Shot by Bo Horvat.
15:21 of 2nd period - Stopped by Cam Talbot without a rebound.
15:22 of 2nd period - Evgeny Kuznetsov wins face-off versus Chris Tierney in Canucks zone.
15:58 of 2nd period - Shot by Max Pacioretty.
15:58 of 2nd period - Goal by Max Pacioretty - Canucks : 3 - Predators : 1.
15:59 of 2nd period - Bo Horvat wins face-off versus Ryan O'Reilly in neutral zone.
16:09 of 2nd period - Shot by Bo Horvat.
16:09 of 2nd period - Deflect By Steven Stamkos.
16:09 of 2nd period - Goal by Steven Stamkos - Canucks : 3 - Predators : 2.
16:10 of 2nd period - Brayden Point wins face-off versus J.T. Compher in neutral zone.
16:25 of 2nd period - Shot by Mitch Marner.
16:25 of 2nd period - Stopped by Thomas Greiss without a rebound.
16:26 of 2nd period - Bo Horvat wins face-off versus Blake Coleman in Predators zone.
16:38 of 2nd period - Icing by Thomas Chabot.
16:39 of 2nd period - Boone Jenner wins face-off versus Bo Horvat in Predators zone.
17:10 of 2nd period - Shot by Kyle Connor.
17:10 of 2nd period - Stopped by Cam Talbot without a rebound.
17:11 of 2nd period - Ryan O'Reilly wins face-off versus Evgeny Kuznetsov in Canucks zone.
17:11 of 2nd period - Ryan O'Reilly is hit by J.T. Miller.
17:16 of 2nd period - Morgan Rielly is hit by Oliver Ekman-Larsson and loses puck.
17:19 of 2nd period - Shot by Jake Virtanen.
17:19 of 2nd period - Shot Misses the Net.
18:31 of 2nd period - Shot by Anthony Duclair.
18:31 of 2nd period - Stopped by Thomas Greiss without a rebound.
18:32 of 2nd period - Blake Coleman wins face-off versus Bo Horvat in Predators zone.
18:47 of 2nd period - Blake Coleman is hit by Bo Horvat and loses puck.
19:00 of 2nd period - Icing by Jake Muzzin.
19:01 of 2nd period - Blake Coleman wins face-off versus Colton Sissons in Canucks zone.
19:10 of 2nd period - Shot by Brendan Smith.
19:10 of 2nd period - Shot Misses the Net.
19:28 of 2nd period - Shot by Colton Sissons.
19:28 of 2nd period - Shot Misses the Net.
19:37 of 2nd period - Icing by Roman Josi.
19:38 of 2nd period - Brayden Point wins face-off versus Colton Sissons in Predators zone.
Goals for this period are 1 for Canucks vs 2 for Predators.
Shots for this period are 7 for Canucks vs 12 for Predators.

3rd period


0:01 of 3rd period - Bo Horvat wins face-off versus Brayden Point in neutral zone.
0:04 of 3rd period - Alex Pietrangelo is hit by Steven Stamkos and loses puck.
0:27 of 3rd period - Shot by Steven Stamkos.
0:27 of 3rd period - Shot Misses the Net.
1:24 of 3rd period - Shot by J.T. Miller.
1:24 of 3rd period - Stopped by Cam Talbot without a rebound.
1:25 of 3rd period - Ryan O'Reilly wins face-off versus J.T. Compher in Canucks zone.
1:32 of 3rd period - Shot by Kevin Hayes.
1:32 of 3rd period - Stopped by Thomas Greiss without a rebound.
1:33 of 3rd period - J.T. Compher wins face-off versus Ryan O'Reilly in Predators zone.
1:48 of 3rd period - Ryan O'Reilly is hit by Nikita Zadorov and loses puck.
1:55 of 3rd period - Shot by Alexander Kerfoot.
1:55 of 3rd period - Deflect By Alex Tuch.
1:55 of 3rd period - Goal by Alex Tuch - Canucks : 3 - Predators : 3.
1:56 of 3rd period - Blake Coleman wins face-off versus Evgeny Kuznetsov in neutral zone.
1:56 of 3rd period - Blake Coleman is hit by Max Pacioretty.
2:11 of 3rd period - Roman Josi is hit by Blake Coleman and loses puck.
2:17 of 3rd period - Icing by Thomas Chabot.
2:18 of 3rd period - Evgeny Kuznetsov wins face-off versus Ryan O'Reilly in Predators zone.
2:25 of 3rd period - Shot by Max Pacioretty.
2:25 of 3rd period - Stopped by Cam Talbot without a rebound.
2:26 of 3rd period - Bo Horvat wins face-off versus Ryan O'Reilly in Canucks zone.
2:58 of 3rd period - Icing by Oscar Klefbom.
2:59 of 3rd period - Steven Stamkos wins face-off versus Brayden Point in Predators zone.
2:59 of 3rd period - Steven Stamkos is hit by Anthony Duclair.
3:38 of 3rd period - Shot by Anthony Duclair.
3:38 of 3rd period - Deflect By Brayden Point.
3:38 of 3rd period - Stopped by Thomas Greiss without a rebound.
3:39 of 3rd period - J.T. Compher wins face-off versus Blake Coleman in Predators zone.
3:43 of 3rd period - Off-side.
3:44 of 3rd period - Ryan O'Reilly wins face-off versus Evgeny Kuznetsov in neutral zone.
5:00 of 3rd period - Shot by Anthony Duclair.
5:00 of 3rd period - Stopped by Thomas Greiss with a rebound.
5:03 of 3rd period - Icing by Darnell Nurse.
5:04 of 3rd period - Blake Coleman wins face-off versus J.T. Compher in Predators zone.
5:04 of 3rd period - Tanner Pearson is hit by Darnell Nurse and loses puck.
5:09 of 3rd period - Shot by Blake Coleman.
5:09 of 3rd period - Goal by Blake Coleman - Canucks : 4 - Predators : 3.
5:10 of 3rd period - Blake Coleman wins face-off versus Bo Horvat in neutral zone.
5:34 of 3rd period - Steven Stamkos is hit by Morgan Rielly and loses puck.
6:12 of 3rd period - Anthony Duclair is hit by J.T. Miller and loses puck.
6:44 of 3rd period - J.T. Miller is hit by Jake Muzzin and loses puck.
7:05 of 3rd period - Ron Hainsey is hit by Alex Tuch and loses puck.
7:28 of 3rd period - Shot by J.T. Compher.
7:28 of 3rd period - Shot Misses the Net.
7:30 of 3rd period - Shot by Darnell Nurse.
7:30 of 3rd period - Shot Misses the Net.
7:32 of 3rd period - Shot by Darnell Nurse.
7:32 of 3rd period - Shot Misses the Net.
8:08 of 3rd period - Shot by Colton Sissons.
8:08 of 3rd period - Shot Misses the Net.
8:10 of 3rd period - Shot by Tyler Pitlick.
8:10 of 3rd period - Shot Misses the Net.
8:12 of 3rd period - Shot by Tyler Pitlick.
8:12 of 3rd period - Shot Misses the Net.
8:14 of 3rd period - Shot by Brendan Smith.
8:14 of 3rd period - Shot Blocked by Ron Hainsey.
8:40 of 3rd period - Off-side.
8:41 of 3rd period - Evgeny Kuznetsov wins face-off versus Craig Smith in neutral zone.
9:10 of 3rd period - Shot by Evgeny Kuznetsov.
9:10 of 3rd period - Shot Misses the Net.
9:29 of 3rd period - Darnell Nurse is hit by Blake Coleman and loses puck.
9:40 of 3rd period - Ryan Ellis is hit by Max Pacioretty and loses puck.
9:44 of 3rd period - Icing by Ryan Ellis.
9:45 of 3rd period - Bo Horvat wins face-off versus Ryan O'Reilly in Canucks zone.
9:59 of 3rd period - Icing by Roman Josi.
10:00 of 3rd period - Bo Horvat wins face-off versus Boone Jenner in Predators zone.
10:35 of 3rd period - Icing by Thomas Chabot.
10:36 of 3rd period - Bo Horvat wins face-off versus Ryan O'Reilly in Predators zone.
11:11 of 3rd period - Alex Pietrangelo is hit by Steven Stamkos and loses puck.
12:20 of 3rd period - Craig Smith is hit by J.T. Miller and loses puck.
12:32 of 3rd period - Blake Coleman is hit by Oliver Ekman-Larsson and loses puck.
12:40 of 3rd period - Icing by Oscar Klefbom.
12:41 of 3rd period - Evgeny Kuznetsov wins face-off versus Boone Jenner in Predators zone.
12:41 of 3rd period - Evgeny Kuznetsov is hit by Zach Sanford.
13:06 of 3rd period - Chris Tierney is hit by Darnell Nurse and loses puck.
14:01 of 3rd period - Shot by Mitch Marner.
14:01 of 3rd period - Stopped by Thomas Greiss without a rebound.
14:02 of 3rd period - Blake Coleman wins face-off versus Bo Horvat in Predators zone.
14:36 of 3rd period - Icing by Thomas Chabot.
14:37 of 3rd period - Bo Horvat wins face-off versus Brayden Point in Predators zone.
15:36 of 3rd period - Oscar Klefbom is hit by Anthony Duclair.
15:58 of 3rd period - Shot by Ryan O'Reilly.
15:58 of 3rd period - Shot Misses the Net.
16:00 of 3rd period - Shot by Ryan O'Reilly.
16:00 of 3rd period - Shot Misses the Net.
16:04 of 3rd period - Shot by Morgan Rielly.
16:04 of 3rd period - Stopped by Thomas Greiss without a rebound.
16:05 of 3rd period - J.T. Compher wins face-off versus Blake Coleman in Predators zone.
16:05 of 3rd period - J.T. Compher is hit by Blake Coleman.
16:13 of 3rd period - Darnell Nurse is hit by Tanner Pearson and loses puck.
16:40 of 3rd period - Icing by Darnell Nurse.
16:41 of 3rd period - Ryan O'Reilly wins face-off versus J.T. Compher in Predators zone.
16:52 of 3rd period - Shot by Alex Pietrangelo.
16:52 of 3rd period - Stopped by Thomas Greiss with a rebound.
17:41 of 3rd period - Oscar Klefbom is hit by Jake Virtanen and loses puck.
18:27 of 3rd period - Shot by Brayden Point.
18:27 of 3rd period - Stopped by Thomas Greiss with a rebound.
18:29 of 3rd period - Shot by Ryan Ellis.
18:29 of 3rd period - Shot Misses the Net.
18:41 of 3rd period - Shot by Mitch Marner.
18:41 of 3rd period - Shot Misses the Net.
18:47 of 3rd period - Shot by Brayden Point.
18:47 of 3rd period - Shot Misses the Net.
19:33 of 3rd period - Shot by Blake Coleman.
19:33 of 3rd period - Stopped by Thomas Greiss without a rebound.
19:34 of 3rd period - Colton Sissons wins face-off versus Mitch Marner in Predators zone.
Goals for this period are 1 for Canucks vs 1 for Predators.
Shots for this period are 9 for Canucks vs 3 for Predators.